 Dungeon Crawl Stone Soup version 0.20.1-1-g8b1a95d (webtiles) character file.

57139 Gargoyl the Severer (level 14, 0/126 HPs)
             Began as a Minotaur Abyssal Knight on Oct 21, 2017.
             Was the Champion of Lugonu.
             Succumbed to a skeletal warrior's poison
             ... on level 11 of the Dungeon.
             The game lasted 00:44:07 (23437 turns).

Gargoyl the Severer (Minotaur Abyssal Knight)      Turns: 23437, Time: 00:44:08

Health: 0/126      AC: 27    Str: 21    XL:     14   Next: 44%
Magic:  19/19      EV:  8    Int:  7    God:    Lugonu [******]
Gold:   1347       SH: 10    Dex: 15    Spells: 13/13 levels left

rFire    . . .     SeeInvis .   w - +3 war axe (freeze)
rCold    + + .     Gourm    .   k - +0 shield
rNeg     + . .     Faith    .   F - +0 plate armour
rPois    +         Spirit   .   (helmet restricted)
rElec    .         Reflect  .   q - +2 cloak {rPois}
rCorr    .         Harm     .   x - +2 pair of gloves
MR       +++..                  L - +1 pair of boots
Stlth    ..........             G - amulet of magic regeneration
Regen    0.4/turn               t - ring of positive energy
MPRegen  0.3/turn               V - ring "Humer" {Wiz rC+ MR+}

@: lethally poisoned (0 -> -3), berserk cooldown, slowed, very slow
A: retaliatory headbutt, horns 2, thin skeletal structure 1, blink, cold
resistance 1, dopey 1, low mp 1, magic resistance 1, strong 1
a: Blink, Depart the Abyss, Bend Space, Banish, Corrupt, Enter the Abyss, Brand
Weapon With Distortion, Renounce Religion


You were on level 11 of the Dungeon.
You worshipped Lugonu.
Lugonu was exalted by your worship.
You were very hungry.

You visited 2 branches of the dungeon, and saw 17 of its levels.
You visited the Abyss 1 time.
You also visited: Ossuary.

You collected 1516 gold pieces.
You spent 169 gold pieces at shops.

Inventory:

Hand Weapons
 a - a +2 hand axe
 o - a +3 war axe
 w - a +3 war axe of freezing (weapon)
Missiles
 B - 3 javelins (quivered)
Armour
 k - a +0 shield (worn)
 q - a +2 cloak of poison resistance (worn)
 x - a +2 pair of gloves (worn)
 F - a +0 plate armour (worn)
 L - a +1 pair of boots (worn)
Jewellery
 t - a ring of positive energy (left hand)
 G - an amulet of magic regeneration (around neck)
 K - an uncursed ring of stealth {unknown}
 V - the ring "Humer" (right hand) {Wiz rC+ MR+}
   (You found it on level 3 of the Lair of Beasts)

   [ring of wizardry]

   It improves your spell success rate.
   It protects you from cold.
   It affects your resistance to hostile enchantments.
Wands
 d - a wand of acid (5/15)
 e - a wand of disintegration (7/24)
 l - a wand of disintegration (9/24)
 n - a wand of iceblast (11/15)
 v - a wand of polymorph (14/24)
 z - a wand of paralysis (7/24)
 C - a wand of acid (6/15)
Scrolls
 f - 3 scrolls of identify
 g - 9 scrolls of remove curse
 m - 11 scrolls of teleportation
 y - 2 scrolls of magic mapping
 A - a scroll of recharging
 P - 3 scrolls of fear
 R - a scroll of fog
 T - 2 scrolls of blinking
Potions
 j - 2 potions of ambrosia {unknown}
 p - 2 potions of might
 r - 10 potions of curing
 s - 2 potions of magic
 u - 3 potions of haste
 D - 2 potions of brilliance
 E - 4 potions of agility
 J - 4 potions of flight
 N - a potion of lignification
Comestibles
 b - 11 meat rations
 c - 12 bread rations
 h - 21 royal jellies
 i - 22 fruits


   Skills:
 + Level 12.1 Fighting
 + Level 16.2 Axes
 + Level 2.7 Throwing
 * Level 16.0 Armour
 + Level 4.6 Dodging
 + Level 5.6 Shields
 * Level 11.2 Invocations


You had 13 spell levels left.
You didn't know any spells.

Dungeon Overview and Level Annotations

Branches:
Dungeon (11/15)            Temple (0/1) D:6            Lair (6/6) D:8
  Swamp (0/4) Lair:2        Snake (0/4) Lair:4        Slime (0/5) Lair:5
    Orc (0/2) D:9

Altars:
Dithmenos
Fedhas
Gozag
Trog
Beogh
Jiyva

Shops:
D:6 (   D:8 =


Innate Abilities, Weirdness & Mutations

You reflexively headbutt those who attack you in melee.
You have a pair of horns on your head.
You have a somewhat thin skeletal structure. (Dex +2, Stealth)
You can translocate small distances at will.
Your flesh is cold resistant. (rC+)
You are dopey. (Int -2)
Your magical capacity is low. (-10% MP)
You are resistant to hostile enchantments. (MR+)
Your muscles are strong. (Str +2)


Message History

The skeletal warrior hits you but does no damage.
You slash the skeletal warrior! You freeze the skeletal warrior.
The skeletal warrior is severely damaged.
* * * LOW HITPOINT WARNING * * *
You feel sick.
You slice the skeletal warrior!! You freeze the skeletal warrior.
You destroy the skeletal warrior!
Lugonu accepts your kill.
Unknown command.
You are no longer berserk.
You are exhausted.
You feel yourself slow down.
* * * LOW HITPOINT WARNING * * *
You feel sick.
* * * LOW HITPOINT WARNING * * *
You feel sick.
You see here a mace.
* * * LOW HITPOINT WARNING * * *
You feel sick.
You die...

#..................#
#..................#
#..................#
###..................#
...........#####.....#
...........# #.....#
...........# #.....#
#####'#....# #.....#
...)..#....# #@....#
...)).#....# #.#####
......#....# #o#
..)...#....# #o#
..(...#....# #o#
..)...#....# #)#
.))####......###.#
...# .....o...# ..(#
........(#


You could see an orc warrior and 2 orcs.

Vanquished Creatures
  2 dire elephants (Lair:6)
  A fire dragon (Lair:6)
  A catoblepas (Lair:6)
  An alligator (Lair:5)
  4 two-headed ogres
  9 death yaks
  6 skeletal warriors (D:11)
  3 lindwurms (Lair:6)
  An oklob plant (Lair:6)
  An ugly thing (D:11)
  2 manticores (Lair:6)
  6 black mambas
  4 elephants
  5 torpor snails (Lair:6)
  4 rime drakes
  12 spiny frogs
  9 komodo dragons
  A polar bear (Lair:3)
  2 trolls
  A queen bee (D:10)
  Prince Ribbit (D:9)
  6 hornets (Lair:6)
  4 tyrant leeches (Lair:6)
  18 blink frogs
  11 hippogriffs
  A slime creature (D:11)
  2 spriggans
  3 wyverns
  A wraith (D:10)
  A steam dragon (D:7)
  21 yaks
  3 basilisks
  Menkaure (D:5)
  24 water moccasins
  13 porcupines
  An ice beast (D:8)
  7 orc warriors
  2 sky beasts
  8 phantoms
  5 ogres
  6 centaurs
  16 wolves
  10 crocodiles
  4 big kobolds
  13 bullfrogs
  A wyvern zombie (D:10)
  4 scorpions
  27 killer bees
  5 wights (D:8)
  2 electric eels
  3 crimson imps
  4 bullfrog zombies
  A centaur zombie (Ossuary)
  3 hounds
  A jelly (D:6)
  Crazy Yiuf (D:3)
  5 orc priests
  9 orc wizards
  Ijyb (D:3)
  2 bullfrog skeletons (D:9)
  7 worker ants
  3 iguanas (D:8)
  3 killer bee zombies
  4 hound zombies
  2 hound skeletons
  6 mummies (Ossuary)
  6 worker ant zombies
  12 gnolls
  9 adders
  3 shadow imps
  An ooze (D:5)
  4 worms
  3 dart slugs
  7 leopard geckos
  50 orcs
  10 bats
  5 giant cockroaches
  8 goblins
  9 hobgoblins
  4 jackals
  23 kobolds
  4 quokkas
  5 frilled lizards
  A jackal zombie (Ossuary)
  A quokka zombie (Ossuary)
  8 rats
  5 fungi
  2 plants
531 creatures vanquished.

Vanquished Creatures (others)
  5 hydras
  A black mamba (Lair:6)
  A water moccasin (Lair:3)
  An orc warrior (D:10)
  A bullfrog (Lair:3)
  2 bushes (Lair:3)
  10 fungi
  26 plants
  2 withered plants (Ossuary)
49 creatures vanquished.

Grand Total: 580 creatures vanquished

Notes
Turn   | Place    | Note
-------+----------+-------------------------------------------
     0 | Abyss:1  | Gargoyl the Minotaur Abyssal Knight began the quest for the Orb.
     0 | Abyss:1  | Reached XP level 1. HP: 19/19 MP: 1/1
    21 | Abyss:1  | Gained mutation: You are frail. (-10% HP) [potion of mutation]
    21 | Abyss:1  | Gained mutation: You can translocate small distances at will. [potion of mutation]
    21 | Abyss:1  | Lost mutation: You are frail. (-10% HP) [potion of mutation]
    21 | Abyss:1  | Gained mutation: Your flesh is cold resistant. (rC+) [potion of mutation]
    22 | Abyss:1  | Lost mutation: Your flesh is cold resistant. (rC+) [potion of mutation]
    22 | Abyss:1  | Lost mutation: You can translocate small distances at will. [potion of mutation]
    22 | Abyss:1  | Gained mutation: You can translocate small distances at will. [potion of mutation]
    22 | Abyss:1  | Gained mutation: Your muscles are strong. (Str +2) [potion of mutation]
   127 | Abyss:1  | Noticed a raiju
   128 | D:1      | Escaped the Abyss
   375 | D:1      | Reached XP level 2. HP: 27/27 MP: 2/2
   543 | D:1      | Reached * piety under Lugonu
   947 | D:1      | Reached XP level 3. HP: 33/33 MP: 3/3
  1803 | D:2      | Reached XP level 4. HP: 41/41 MP: 4/4
  1926 | D:2      | Reached ** piety under Lugonu
  2424 | D:2      | Reached XP level 5. HP: 41/47 MP: 6/6
  2432 | D:3      | Noticed Ijyb
  2457 | D:3      | HP: 2/47 [Ijyb/wand of flame (?/48) (6)]
  2458 | D:3      | Killed Ijyb
  3011 | D:3      | Found a faded altar of an unknown god.
  3161 | D:3      | Found a shadowy altar of Dithmenos.
  3285 | D:3      | Found a runed door.
  3431 | D:3      | Noticed Crazy Yiuf
  3440 | D:3      | Killed Crazy Yiuf
  3542 | D:4      | Noticed an ogre
  3547 | D:4      | Killed an ogre
  3547 | D:4      | Reached XP level 6. HP: 55/55 MP: 7/7
  3550 | D:4      | Found a sand-covered staircase.
  3556 | Ossuary  | Entered an ossuary
  3607 | Ossuary  | Reached *** piety under Lugonu
  3607 | Ossuary  | Reached skill level 5 in Axes
  3609 | Ossuary  | Reached skill level 5 in Fighting
  3628 | Ossuary  | Reached skill level 5 in Armour
  3666 | Ossuary  | Reached XP level 7. HP: 24/61 MP: 8/8
  4152 | D:4      | Found a blossoming altar of Fedhas.
  4730 | D:4      | Reached XP level 8. HP: 67/69 MP: 10/10
  4869 | D:5      | Entered Level 5 of the Dungeon
  4872 | D:5      | Reached **** piety under Lugonu
  5403 | D:5      | Noticed Menkaure
  5410 | D:5      | Killed Menkaure
  5957 | D:6      | Found Rinomelo's Antique Weapon Shop.
  5964 | D:6      | Bought a glowing war axe for 169 gold pieces
  6054 | D:6      | Found an opulent altar of Gozag.
  6089 | D:6      | Found a staircase to the Ecumenical Temple.
  6373 | D:6      | Reached skill level 1 in Throwing
  6922 | D:7      | Reached skill level 5 in Invocations
  6922 | D:7      | Reached XP level 9. HP: 71/75 MP: 11/11
  7998 | D:8      | Reached skill level 10 in Axes
  8120 | D:8      | Gained mutation: Your body sometimes deteriorates upon taking damage. [mutagenic meat]
  8121 | D:8      | Gained mutation: You are resistant to hostile enchantments. (MR+) [mutagenic meat]
  8124 | D:8      | Gained mutation: You have large cloven feet. [mutagenic meat]
  8125 | D:8      | Lost mutation: Your body sometimes deteriorates upon taking damage. [potion of mutation]
  8125 | D:8      | Lost mutation: You have large cloven feet. [potion of mutation]
  8125 | D:8      | Gained mutation: You are agile. (Dex +2) [potion of mutation]
  8125 | D:8      | Gained mutation: Your magical capacity is low. (-10% MP) [potion of mutation]
  8125 | D:8      | Lost mutation: You are agile. (Dex +2) [potion of mutation]
  8125 | D:8      | Gained mutation: You have a somewhat thin skeletal structure. (Dex +2, Stealth) [potion of mutation]
  8190 | D:8      | Found a staircase to the Lair.
  8594 | D:8      | Found Mutyguno's Jewellery Shop.
  8598 | D:8      | Reached XP level 10. HP: 84/84 MP: 12/12
  8878 | D:8      | Found a bloodstained altar of Trog.
  8923 | D:8      | Reached ***** piety under Lugonu
  9003 | D:9      | Noticed Prince Ribbit
  9011 | D:9      | Killed Prince Ribbit
  9159 | D:9      | Noticed a two-headed ogre
  9165 | D:9      | Killed a two-headed ogre
  9165 | D:9      | Reached skill level 10 in Armour
  9196 | D:9      | Found a roughly hewn altar of Beogh.
  9196 | D:9      | Found a staircase to the Orcish Mines.
  9218 | D:10     | Entered Level 10 of the Dungeon
  9787 | D:9      | Gained mutation: Your flesh is cold resistant. (rC+) [mutagenic meat]
  9788 | D:9      | Gained mutation: You are dopey. (Int -2) [mutagenic meat]
  9908 | D:9      | Identified the Almanac of Noxious Orientation
  9935 | D:9      | Noticed a two-headed ogre
  9945 | D:9      | Killed a two-headed ogre
 10326 | Lair:1   | Entered Level 1 of the Lair of Beasts
 10463 | Lair:1   | Reached XP level 11. HP: 70/94 MP: 13/13
 13178 | Lair:2   | Found a staircase to the Swamp.
 14100 | Lair:2   | Noticed a four-headed hydra
 14102 | Lair:2   | Banished a four-headed hydra
 14102 | Lair:2   | Reached XP level 12. HP: 104/104 MP: 15/15
 14647 | Lair:3   | Got a faintly glowing marble ring
 14648 | Lair:3   | Identified the ring "Humer" {Wiz rC+ MR+} (You found it on level 3 of the Lair of Beasts)
 15569 | Lair:3   | Got a shimmering bardiche
 15570 | Lair:3   | Identified the cursed +0 bardiche of Odorystuaff {chop, rF+ rN++ Str-2 SInv} (You found it on level 3 of the Lair of Beasts)
 16296 | Lair:4   | Reached skill level 10 in Fighting
 16430 | Lair:4   | Found a staircase to the Snake Pit.
 16545 | Lair:4   | Reached ****** piety under Lugonu
 16610 | Lair:4   | Reached skill level 1 in Shields
 16957 | Lair:5   | Noticed a six-headed hydra
 16958 | Lair:5   | Banished a six-headed hydra
 17023 | Lair:5   | Noticed a death yak
 17023 | Lair:5   | Noticed an alligator
 17030 | Lair:5   | Killed an alligator
 17036 | Lair:5   | Killed a death yak
 17251 | Lair:5   | Noticed a four-headed hydra
 17259 | Lair:5   | Banished a four-headed hydra
 17453 | Lair:5   | Found a staircase to the Slime Pits.
 17453 | Lair:5   | Found a viscous altar of Jiyva.
 17470 | Lair:5   | Noticed an eight-headed hydra
 17482 | Lair:5   | Banished an eight-headed hydra
 17654 | Lair:5   | Noticed a six-headed hydra
 17657 | Lair:5   | Banished a six-headed hydra
 17657 | Lair:5   | Reached XP level 13. HP: 114/114 MP: 17/17
 18072 | Lair:6   | Entered Level 6 of the Lair of Beasts
 18207 | Lair:6   | Reached skill level 10 in Invocations
 18681 | Lair:6   | Reached skill level 15 in Axes
 19532 | Lair:6   | Reached skill level 15 in Armour
 20178 | Lair:6   | Noticed a dire elephant
 20201 | Lair:6   | Killed a dire elephant
 20697 | Lair:6   | Noticed a dire elephant
 20718 | Lair:6   | Killed a dire elephant
 20729 | Lair:6   | Reached XP level 14. HP: 44/124 MP: 18/18
 21114 | Lair:6   | Found a runed door.
 22429 | D:10     | Reached skill level 5 in Shields
 23427 | D:11     | HP: 9/189 [skeletal warrior/trident of venom[a skeletal warrior] (2)]
 23432 | D:11     | HP: 6/189 [poisoned by a skeletal warrior]
 23436 | D:11     | HP: 1/126 [poisoned by a skeletal warrior]
 23437 | D:11     | Succumbed to a skeletal warrior's poison

Skill      XL: |  1  2  3  4  5  6  7  8  9 10 11 12 13 14 |
---------------+-------------------------------------------+-----
Fighting       | 4 5 6 8 9 10 11 12 | 12.1
Invocations    | 2 3 4 5 6 7 8 9 10 11 | 11.2
Armour         | 3 4 5 6 7 9 11 13 14 15 16 | 16.0
Axes           | 3 4 5 6 9 10 12 13 14 15 16 | 16.2
Dodging        | 2 3 4 |  4.6
Throwing       | 1 2 |  2.7
Shields        | 2 4 5 |  5.6

Action                   |  1- 3 |  4- 6 |  7- 9 | 10-12 | 13-15 || total
-------------------------+-------+-------+-------+-------+-------++-------
Melee: Hand axe          |    74 |   156 |    21 |       |       ||   251
       Headbutt          |    12 |    29 |    44 |   126 |   160 ||   371
       War axe           |       |       |   255 |   603 |   699 ||  1557
Throw: Javelin           |       |       |    13 |     6 |     3 ||    22
Invok: Depart the Abyss  |     1 |       |       |       |       ||     1
       Banish            |       |       |       |     6 |     1 ||     7
       Bend Space        |       |       |       |       |     1 ||     1
Evoke: Wand              |       |     2 |       |       |       ||     2
  Use: Potion            |     2 |     6 |     1 |     3 |     6 ||    18
       Scroll            |     2 |     6 |    13 |    11 |     2 ||    34
 Stab: Petrified         |       |       |       |       |     9 ||     9
  Eat: Chunk             |     2 |     6 |    18 |    23 |    14 ||    63
       Bread ration      |       |       |     1 |     1 |     1 ||     3
       Meat ration       |       |       |       |     1 |       ||     1
Armor: Ring mail         |    23 |    31 |       |       |       ||    54
       Chain mail        |       |    41 |   211 |    25 |       ||   277
       Plate armour      |       |       |       |   403 |   319 ||   722
       Skin              |       |       |       |       |    13 ||    13
Dodge: Dodged            |    40 |    92 |   136 |   228 |   162 ||   658
Block: Buckler           |       |       |       |    20 |       ||    20
       Shield            |       |       |       |    62 |   314 ||   376
